cohdb
Replays
Latest Replays
All Replays
Popular Replays
Top Player Replays
Match Explorer
How It Works
Community
CoH3 Stats
Reddit
Sign in to upload your games and track your stats! →
Sign in with Steam
Match 27805094
Unlisted
Match 27805094
Overview
Messages
Build Orders
End
Selects Mechanized Battlegroup
Construct Infanterie Kompanie
Grenadier Squad
MG 42 Machine Gun Team
Grenadier Squad
Construct Panzergrenadier Kompanie
Selects Spotting Scopes
MG 42 Bunker
Pioneer Squad
Panzergrenadier Squad
251 Medium Carrier
Selects Wespe Self-propelled Artillery
Wespe Self-propelled Artillery
Aaron
goldngoy
Wup
Eisenzwerg
去码头整点薯条
rriellovv
6岁就会放羊
iAinEng
0
0
Comments
sign in to comment!
No comments posted yet!